MLB
CHICAGO CUBS @ DETROIT TIGERS
06/29/2098
 
TOP OF THE 1ST
Chicago Cubs batting - Pitching for Detroit Tigers : RHP Diego Garzon
Pitching: RHP Diego Garzon
Batting: RHB Armando Valenzuela 0-0: Foul Ball, location: 2F
0-1: Ball
1-1: Swinging Strike
1-2: Ball
2-2: Ball
3-2: Strikes out looking
Batting: RHB Kevin Luzzo 0-0: Called Strike
0-1: Called Strike
0-2: SINGLE (Groundball, 25, EV 64.4 MPH) (infield hit)
Batting: LHB Elijah Fairchild 0-0: Ball
1-0: Called Strike
Kevin Luzzo is caught stealing 2nd base 2-6
1-1: Reached on error, E3 (Groundball, 3, EV 82.5 MPH)
Batting: LHB Esteban Castro 0-0: Swinging Strike
0-1: Ball
1-1: Ball
2-1: Ball
3-1: Foul Ball, location: 7LDF
3-2: Foul Ball, location: 23FF
3-2: Strikes out swinging
Top of the 1st over - 0 runs, 1 hit, 1 error, 1 left on base; Chicago 0 - Detroit 0
BOTTOM OF THE 1ST
Detroit Tigers batting - Pitching for Chicago Cubs : RHP Angel Alvarez
Pitching: RHP Angel Alvarez
Batting: LHB Tim Wilson 0-0: Ball
1-0: Foul Ball, location: 23F
1-1: Called Strike
1-2: Strikes out swinging
Batting: LHB Eric Plaunt 0-0: Ball
1-0: Swinging Strike
1-1: Ground out 6-3 (Groundball, 6S, EV 80.6 MPH)
Batting: RHB David Schafer 0-0: Ball
1-0: Called Strike
1-1: Called Strike
1-2: Ball
2-2: Fly out, F8 (Flyball, 8LXD, EV 103.8 MPH)
Bottom of the 1st over - 0 runs, 0 hits, 0 errors, 0 left on base; Chicago 0 - Detroit 0
TOP OF THE 2ND
Chicago Cubs batting - Pitching for Detroit Tigers : RHP Diego Garzon
Batting: RHB Amir Shaw 0-0: Ball
1-0: Ball
2-0: Called Strike
2-1: Foul Ball, location: 9LSF
2-2: Ball
3-2: Strikes out swinging
Batting: LHB Israel Perez 0-0: Ball
1-0: Ball
2-0: Called Strike
2-1: Ball
3-1: Base on Balls
Batting: RHB Jaylin Tillman 0-0: Ball
1-0: Ball
2-0: Ball
3-0: Called Strike
3-1: Base on Balls
Israel Perez to second
Batting: RHB Derick Benjamin 0-0: Ball
1-0: Ball
2-0: SINGLE (Line Drive, 78S, EV 98.1 MPH)
Israel Perez to third
Jaylin Tillman to second
Batting: LHB Brent Griffin 0-0: Ball
1-0: Ball
2-0: Foul Ball, location: 2F
2-1: Foul Ball, location: 2RF
2-2: Ball
3-2: Foul Ball, location: 5FF
3-2: Grounds into fielders choice U2 (Groundball, 2L, EV 73.1 MPH)
Jaylin Tillman to third
Derick Benjamin to second
Batting: RHB Armando Valenzuela 0-0: Ball
1-0: Called Strike
1-1: Foul Ball, location: 9LSF
1-2: Foul Ball, location: 9LMF
1-2: Ground out U3 (Groundball, 34S, EV 91.9 MPH)
Top of the 2nd over - 0 runs, 1 hit, 0 errors, 3 left on base; Chicago 0 - Detroit 0
BOTTOM OF THE 2ND
Detroit Tigers batting - Pitching for Chicago Cubs : RHP Angel Alvarez
Batting: SHB Mang He 0-0: Ground out 4-3 (Groundball, 4, EV 81.9 MPH)
Batting: LHB Philip Clark 0-0: Called Strike
0-1: Ground out 4-3 (Groundball, 34, EV 103.8 MPH)
Batting: RHB Donald Nohl 0-0: Foul Ball, location: 7LSF
0-1: Foul Ball, location: 2F
0-2: Ball
1-2: Ground out 2-3 (Groundball, 15S, EV 66.3 MPH)
Bottom of the 2nd over - 0 runs, 0 hits, 0 errors, 0 left on base; Chicago 0 - Detroit 0
TOP OF THE 3RD
Chicago Cubs batting - Pitching for Detroit Tigers : RHP Diego Garzon
Batting: RHB Kevin Luzzo 0-0: Ball
1-0: Ball
2-0: Ball
3-0: Called Strike
3-1: Base on Balls
Batting: LHB Elijah Fairchild 0-0: Ball
1-0: Ball
2-0: Ball
3-0: Base on Balls
Kevin Luzzo to second
Batting: LHB Esteban Castro 0-0: Ball
1-0: Swinging Strike
1-1: Swinging Strike
1-2: Foul Ball, location: 9LDF
1-2: Ball
2-2: Strikes out swinging
Batting: RHB Amir Shaw 0-0: Ball
1-0: Grounds into double play, 5-4-3 (Groundball, 56, EV 90.6 MPH)
Top of the 3rd over - 0 runs, 0 hits, 0 errors, 1 left on base; Chicago 0 - Detroit 0
BOTTOM OF THE 3RD
Detroit Tigers batting - Pitching for Chicago Cubs : RHP Angel Alvarez
Batting: LHB Dan Barker 0-0: Called Strike
0-1: Ground out 4-3 (Groundball, 4, EV 108.8 MPH)
Batting: RHB Edgar Navarrete 0-0: Ball
1-0: Called Strike
1-1: Foul Ball, location: 25F
1-2: Ball
2-2: Foul Ball, location: 9LSFF
2-2: Strikes out swinging
Batting: LHB Tyler Chapman 0-0: Ball
1-0: Ball
2-0: Ball
3-0: Foul Ball, location: 3F
3-1: Foul Ball, location: 7LMF
3-2: Strikes out swinging
Bottom of the 3rd over - 0 runs, 0 hits, 0 errors, 0 left on base; Chicago 0 - Detroit 0
TOP OF THE 4TH
Chicago Cubs batting - Pitching for Detroit Tigers : RHP Diego Garzon
Batting: LHB Israel Perez 0-0: Foul Ball, location: 5DF
0-1: Called Strike
0-2: Ball
1-2: SINGLE (Groundball, 34D, EV 96.9 MPH)
Batting: RHB Jaylin Tillman 0-0: Ball
1-0: Ball
2-0: Ball
3-0: Called Strike
3-1: Base on Balls
Israel Perez to second
Pitching: LHP Victor Casas
Batting: RHB Derick Benjamin 0-0: Foul Ball, location: 2F
0-1: Ball
1-1: Ball
2-1: Foul Ball, location: 7LMF
2-2: Ball
3-2: Grounds into double play, 5-4-3 (Groundball, 56, EV 79.4 MPH)
Israel Perez to third
Pinch Hitting: RHB Devin Williams 0-0: Ball
1-0: Called Strike
1-1: Called Strike
1-2: Ball
2-2: Strikes out looking
Top of the 4th over - 0 runs, 1 hit, 0 errors, 1 left on base; Chicago 0 - Detroit 0
BOTTOM OF THE 4TH
Detroit Tigers batting - Pitching for Chicago Cubs : RHP Angel Alvarez
Now at SS: Dave Conley
Batting: LHB Tim Wilson 0-0: Ground out 4-3 (Groundball, 4, EV 60.6 MPH)
Batting: LHB Eric Plaunt 0-0: SINGLE (Groundball, 4D, EV 93.8 MPH)
Batting: RHB David Schafer 0-0: Ball
1-0: Ball
2-0: Called Strike
2-1: Ball
3-1: Base on Balls
Eric Plaunt to second
Batting: SHB Mang He 0-0: Foul Ball, location: 25F
0-1: Ball
1-1: Foul Ball, location: 5DF
1-2: Foul Ball, location: 3FF
1-2: Foul Ball, location: 23F
1-2: Foul Ball, location: 23F
1-2: Grounds into double play, 4-6-3 (Groundball, 4, EV 85.6 MPH)
Bottom of the 4th over - 0 runs, 1 hit, 0 errors, 1 left on base; Chicago 0 - Detroit 0
TOP OF THE 5TH
Chicago Cubs batting - Pitching for Detroit Tigers : LHP Victor Casas
Batting: RHB Armando Valenzuela 0-0: Ball
1-0: Ball
2-0: Ball
3-0: Called Strike
3-1: Base on Balls
Batting: RHB Kevin Luzzo 0-0: Ball
1-0: Called Strike
Armando Valenzuela is caught stealing 2nd base 2-4
1-1: Foul Ball, location: 25FF
1-2: Ball
2-2: Strikes out swinging
Batting: LHB Elijah Fairchild 0-0: Ball
1-0: Ball
2-0: Swinging Strike
2-1: Swinging Strike
2-2: Ball
3-2: Strikes out swinging
Top of the 5th over - 0 runs, 0 hits, 0 errors, 0 left on base; Chicago 0 - Detroit 0
BOTTOM OF THE 5TH
Detroit Tigers batting - Pitching for Chicago Cubs : RHP Angel Alvarez
Batting: LHB Philip Clark 0-0: Called Strike
0-1: Ground out 3-1 (Groundball, 34, EV 103.1 MPH)
Batting: RHB Donald Nohl 0-0: Ball
1-0: Called Strike
1-1: Ball
2-1: SINGLE (Groundball, 6MD, EV 96.9 MPH)
Batting: LHB Dan Barker 0-0: Called Strike
0-1: Ball
1-1: Swinging Strike
1-2: Foul Ball, location: 3SF
1-2: DOUBLE (Groundball, 5L, EV 105.6 MPH)
Donald Nohl to third
Runner from 3rd tries for Home, SAFE, throw by LF to home
Batting: RHB Edgar Navarrete 0-0: Intentional Walk
Batting: LHB Tyler Chapman 0-0: Called Strike
0-1: Foul Ball, location: 3SF
0-2: Grounds into double play, 4-6-3 (Groundball, 4, EV 107.5 MPH)
Bottom of the 5th over - 1 run, 2 hits, 0 errors, 1 left on base; Chicago 0 - Detroit 1
TOP OF THE 6TH
Chicago Cubs batting - Pitching for Detroit Tigers : LHP Victor Casas
Batting: LHB Esteban Castro 0-0: Ball
1-0: Foul Ball, location: 5DF
1-1: Foul Ball, location: 23F
1-2: Foul Ball, location: 2F
1-2: SINGLE (Line Drive, 9S, EV 110.6 MPH)
Batting: RHB Amir Shaw 0-0: DOUBLE (Line Drive, 78D, EV 108.1 MPH)
Esteban Castro to third
Pitching: RHP Justin Bertram
Batting: LHB Israel Perez 0-0: Foul Ball, location: 7LDF
0-1: Swinging Strike
0-2: Strikes out looking
Batting: RHB Jaylin Tillman 0-0: Foul Ball, location: 2F
0-1: Ball
1-1: DOUBLE (Flyball, 89D, EV 104.4 MPH)
Esteban Castro scores
Amir Shaw scores
Batting: RHB Derick Benjamin 0-0: Ball
1-0: Ball
2-0: Ball
3-0: Called Strike
3-1: Base on Balls
Pinch Runner at 2nd Yoelbi Eugnio:
Batting: RHB Dave Conley 0-0: Called Strike
0-1: Ball
1-1: Grounds into double play, 4-6-3 (Groundball, 4, EV 78.8 MPH)
Top of the 6th over - 2 runs, 3 hits, 0 errors, 1 left on base; Chicago 2 - Detroit 1
BOTTOM OF THE 6TH
Detroit Tigers batting - Pitching for Chicago Cubs : RHP Angel Alvarez
Now at 3B: Kyle Dellinger
Batting: LHB Tim Wilson 0-0: Ball
1-0: Ball
2-0: Ball
3-0: Called Strike
3-1: Ground out U3 (Groundball, 3, EV 100.6 MPH)
Batting: LHB Eric Plaunt 0-0: Ball
1-0: Ground out 3-1 (Groundball, 34S, EV 90.6 MPH)
Batting: RHB David Schafer 0-0: Called Strike
0-1: DOUBLE (Line Drive, 89D, EV 106.3 MPH)
Batting: SHB Mang He 0-0: Ball
1-0: Ball
2-0: Ball
3-0: Called Strike
3-1: 2-RUN HOME RUN (Flyball, 9D, EV 95.6 MPH), Distance : 384 ft
Batting: LHB Philip Clark 0-0: Ball
1-0: SINGLE (Groundball, 34S, EV 73.1 MPH) (infield hit)
Batting: RHB Donald Nohl 0-0: Ball
Philip Clark steals 2nd base
1-0: SINGLE (Line Drive, 89S, EV 96.9 MPH)
Philip Clark to third
Runner from 3rd tries for Home, SAFE, throw by RF to home
Donald Nohl to second
Batting: LHB Dan Barker 0-0: Intentional Walk
Batting: RHB Edgar Navarrete 0-0: Called Strike
0-1: Ball
1-1: Ball
2-1: Ground out U3 (Groundball, 34, EV 86.9 MPH)
Bottom of the 6th over - 3 runs, 4 hits, 0 errors, 2 left on base; Chicago 2 - Detroit 4
TOP OF THE 7TH
Chicago Cubs batting - Pitching for Detroit Tigers : RHP Justin Bertram
Batting: RHB Armando Valenzuela 0-0: Swinging Strike
0-1: Ball
1-1: Ball
2-1: Ball
3-1: Base on Balls
Batting: RHB Kevin Luzzo 0-0: Foul Ball, location: 25FF
0-1: DOUBLE (Flyball, 89XD, EV 106.3 MPH)
Armando Valenzuela to third
Batting: LHB Elijah Fairchild 0-0: Ball
1-0: Ball
2-0: Swinging Strike
2-1: Ball
3-1: Called Strike
3-2: Base on Balls
Pitching: RHP John Griffith
Batting: LHB Esteban Castro 0-0: Ball
1-0: Foul Ball, location: 2F
1-1: Fly out, F4 (Popup, 34D, EV 73.8 MPH)
Batting: RHB Amir Shaw 0-0: Called Strike
0-1: Ball
1-1: Foul Ball, location: 2F
1-2: Ball
2-2: Strikes out swinging
Batting: LHB Israel Perez 0-0: Ball
1-0: Called Strike
1-1: Called Strike
1-2: Ball
2-2: Foul Ball, location: 5F
2-2: Strikes out swinging
Top of the 7th over - 0 runs, 1 hit, 0 errors, 3 left on base; Chicago 2 - Detroit 4
BOTTOM OF THE 7TH
Detroit Tigers batting - Pitching for Chicago Cubs : RHP Angel Alvarez
Batting: LHB Tyler Chapman 0-0: Called Strike
0-1: Ground out U3 (Groundball, 3, EV 85.0 MPH)
Batting: LHB Tim Wilson 0-0: Called Strike
0-1: Ball
1-1: Foul Ball, location: 25FF
1-2: Foul Ball, location: 2RF
1-2: Strikes out looking
Batting: LHB Eric Plaunt 0-0: Called Strike
0-1: Swinging Strike
0-2: Ball
1-2: Foul Ball, location: 7LDF
1-2: Ball
2-2: Strikes out looking
Bottom of the 7th over - 0 runs, 0 hits, 0 errors, 0 left on base; Chicago 2 - Detroit 4
TOP OF THE 8TH
Chicago Cubs batting - Pitching for Detroit Tigers : RHP John Griffith
Batting: RHB Kyle Dellinger 0-0: Called Strike
0-1: Swinging Strike
0-2: Foul Ball, location: 23FF
0-2: Ball
1-2: Foul Ball, location: 2F
1-2: Foul Ball, location: 9LMF
1-2: Strikes out swinging
Batting: RHB Derick Benjamin 0-0: Swinging Strike
0-1: Swinging Strike
0-2: Strikes out swinging
Batting: RHB Dave Conley 0-0: Ball
1-0: Ball
2-0: Ball
3-0: Base on Balls
Pitching: RHP John Hernandez
Batting: RHB Armando Valenzuela 0-0: Ball
1-0: Foul Ball, location: 9LMF
1-1: DOUBLE (Line Drive, 5D, EV 106.9 MPH)
Dave Conley to third
Batting: RHB Kevin Luzzo 0-0: Ball
1-0: Foul Ball, location: 3FF
1-1: Called Strike
1-2: Ball
2-2: Ball
3-2: TRIPLE (Line Drive, 89XD, EV 101.9 MPH)
Dave Conley scores
Armando Valenzuela scores
Batting: LHB Elijah Fairchild 0-0: Foul Ball, location: 7LDF
0-1: 2-RUN HOME RUN (Flyball, 9LD, EV 93.8 MPH), Distance : 340 ft
Pitching: LHP Malcolm Shelvin
Batting: LHB Esteban Castro 0-0: Ball
1-0: Called Strike
1-1: Fly out, F7 (Flyball, 7D, EV 109.4 MPH)
Top of the 8th over - 4 runs, 3 hits, 0 errors, 0 left on base; Chicago 6 - Detroit 4
BOTTOM OF THE 8TH
Detroit Tigers batting - Pitching for Chicago Cubs : RHP Angel Alvarez
Batting: RHB David Schafer 0-0: Ball
1-0: Ball
2-0: Ball
3-0: Base on Balls
Batting: SHB Mang He 0-0: Foul Ball, location: 2F
0-1: Ball
1-1: Ball
2-1: Ball
3-1: Base on Balls
David Schafer to second
Pitching: RHP Josh Ruhe
Batting: LHB Philip Clark 0-0: Ball
1-0: Ball
2-0: Called Strike
2-1: Ball
3-1: Foul Ball, location: 2F
3-2: SINGLE (Line Drive, 78M, EV 101.9 MPH)
David Schafer to third
Mang He to second
Batting: RHB Donald Nohl 0-0: Ball
1-0: Ball
2-0: Ball
3-0: Called Strike
3-1: SINGLE (Line Drive, 6MD, EV 105.0 MPH)
David Schafer scores
Mang He to third
Philip Clark to second
Batting: LHB Dan Barker 0-0: Ball
1-0: Ball
2-0: Called Strike
2-1: SINGLE (Groundball, 34, EV 103.1 MPH)
Mang He scores
Philip Clark to third
Donald Nohl to second
Runner from 3rd tries for Home, SAFE, throw by RF to home
Batting: RHB Edgar Navarrete 0-0: Ball
1-0: Ball
2-0: Fielders Choice at 2nd, 6-4 (Groundball, 6, EV 82.5 MPH)
Donald Nohl to third
Batting: LHB Tyler Chapman 0-0: Swinging Strike
Balk!
Donald Nohl scores
Edgar Navarrete to second
0-1: Ball
1-1: Ball
2-1: Foul Ball, location: 7LMF
2-2: Ball
Wild Pitch!
Edgar Navarrete to third
3-2: Base on Balls
Batting: LHB Tim Wilson 0-0: Ball
1-0: SINGLE (Groundball, 34D, EV 99.4 MPH)
Edgar Navarrete scores
Tyler Chapman to second
Runner from 2nd tries for 3rd, SAFE, no throw by RF
Pitching: LHP Jamie DeCiantis
Batting: LHB Eric Plaunt 0-0: Ball
Tim Wilson steals 2nd base
1-0: Swinging Strike
1-1: Called Strike
1-2: SINGLE (Line Drive, 9S, EV 98.1 MPH)
Tyler Chapman scores
Tim Wilson to third
Batting: RHB David Schafer 0-0: Called Strike
0-1: Ball
1-1: Ball
2-1: SINGLE (Line Drive, 89S, EV 105.6 MPH)
Tim Wilson scores
Eric Plaunt to second
Batting: SHB Mang He 0-0: Called Strike
0-1: Called Strike
0-2: SINGLE (Line Drive, 6M, EV 103.1 MPH)
Eric Plaunt to third
David Schafer to second
Runner from 3rd tries for Home, SAFE, throw by CF to home
Batting: LHB Philip Clark 0-0: Swinging Strike
0-1: Swinging Strike
0-2: Fly out, F8 (Flyball, 8LS, EV 90.6 MPH)
Batting: RHB Donald Nohl 0-0: Foul Ball, location: 9LDF
0-1: Ball
1-1: Swinging Strike
1-2: Foul Ball, location: 2F
1-2: Ball
2-2: Fly out, F8 (Line Drive, 8RM, EV 91.3 MPH)
Bottom of the 8th over - 8 runs, 7 hits, 0 errors, 2 left on base; Chicago 6 - Detroit 12
TOP OF THE 9TH
Chicago Cubs batting - Pitching for Detroit Tigers : LHP Malcolm Shelvin
Batting: RHB Amir Shaw 0-0: Ground out 5-3 (Groundball, 56, EV 85.6 MPH)
Batting: LHB Israel Perez 0-0: Called Strike
0-1: Ground out 4-3 (Groundball, 4, EV 84.4 MPH)
Batting: RHB Kyle Dellinger 0-0: Ball
1-0: Called Strike
1-1: Foul Ball, location: 2F
1-2: Ball
2-2: Ball
3-2: Foul Ball, location: 5FF
3-2: Foul Ball, location: 2F
3-2: Ground out 6-3 (Groundball, 6, EV 88.8 MPH)
Top of the 9th over - 0 runs, 0 hits, 0 errors, 0 left on base; Chicago 6 - Detroit 12
Monday, April 8th , 2024 - OOTP Baseball 24.11 Build 85